 Dungeon Crawl Stone Soup version 0.26-a0-812-g31a745ddcd (webtiles) character file.

Game seed: 13283426527463331728

185984 Lanoc the Spry (level 17, 0/137 HPs)
             Began as a Vampire Warper on Nov 18, 2020.
             Was the Champion of Fedhas.
             Slain by an ettin
             ... wielding a +0 dire flail
              (12 damage)
             ... on level 15 of the Dungeon.
             The game lasted 00:59:50 (26335 turns).

Lanoc the Spry (Vampire Warper)                    Turns: 26335, Time: 00:59:51

Health: 0/137      AC: 25    Str: 13    XL:     17   Next: 83%
Magic:  0/26       EV: 18    Int: 19    God:    Fedhas [******]
Gold:   3302       SH:  0    Dex: 18    Spells: 17/20 levels left

rFire    . . .     SeeInvis +   b - +6 battleaxe of Mandamus {venom, Dex+6}
rCold    + + .     Faith    .   (shield currently unavailable)
rNeg     . . .     Spirit   +   i - +7 chain mail "Russeblo" {+Fly rElec rC++ Regen+}
rPois    .         Reflect  .   g - +2 helmet
rElec    +         Harm     .   D - +0 cloak
rCorr    .         Rampage  .   (no gloves)
MR       ++...                  z - +0 pair of boots
Stlth    ..........             N - amulet of guardian spirit
HPRegen  0.92/turn              w - ring of protection from magic
MPRegen  0.20/turn              W - +4 ring of evasion

@: regenerating quickly
A: fangs 3, see invisible, clumsy 1, unbreathing, MP-powered wands
a: Exsanguinate, Wall of Briars, Grow Ballistomycete, Overgrow, Grow Oklob,
Renounce Religion, Evoke Flight


You were on level 15 of the Dungeon.
You worshipped Fedhas.
Fedhas was exalted by your worship.
You visited 4 branches of the dungeon, and saw 24 of its levels.
You also visited: Sewer, Bailey and Ice Cave.

You collected 4304 gold pieces.
You spent 1002 gold pieces at shops.

Inventory:

Hand Weapons
 a - a +2 trident of venom
 b - the +6 battleaxe of Mandamus (weapon) {venom, Dex+6}
   (You found it on level 1 of the Lair of Beasts)

   It poisons the flesh of those it strikes.
   It affects your dexterity (+6).
 U - a +2 vampiric battleaxe
Missiles
 I - 6 datura-tipped darts (quivered)
Armour
 g - a +2 helmet (worn)
 i - the +7 chain mail "Russeblo" (worn) {+Fly rElec rC++ Regen+}
   (You found it on level 5 of the Dungeon)

   It greatly protects you from cold.
   It insulates you from electricity.
   It lets you fly.
   It increases your rate of regeneration.
 z - a +0 pair of boots (worn)
 D - a +0 cloak (worn)
 F - a +2 kite shield
Jewellery
 w - a ring of protection from magic (left hand)
 A - an uncursed ring of magical power
 N - an amulet of guardian spirit (around neck)
 W - a +4 ring of evasion (right hand)
Wands
 l - a wand of iceblast (11)
 n - a wand of disintegration (3)
 x - a wand of flame (52)
 y - a wand of acid (9)
 J - a wand of digging (4)
 K - a wand of polymorph (14)
 M - a wand of random effects (50)
 O - a wand of paralysis (5)
Scrolls
 c - 5 scrolls of immolation
 e - 4 scrolls of enchant weapon
 k - 4 scrolls of teleportation
 o - 15 scrolls of identify
 s - 2 scrolls of fog
 v - 10 scrolls of remove curse
 C - 3 scrolls of magic mapping
 E - a scroll of brand weapon
 L - 8 scrolls of amnesia
 V - 2 scrolls of blinking
 Y - a scroll of fear
 Z - a scroll of vulnerability
Potions
 d - 4 potions of might
 f - 11 potions of curing
 j - 9 potions of brilliance
 m - 2 potions of magic
 p - 2 potions of mutation
 q - 5 potions of attraction
 r - 2 potions of degeneration
 t - a potion of resistance
 u - 5 potions of lignification
 G - 4 potions of flight
 P - 3 potions of invisibility
 Q - 3 potions of berserk rage
 S - 8 potions of haste
Miscellaneous
 B - a condenser vane
 T - a tin of tremorstones (2/2)
 X - a lightning rod (4/4)


   Skills:
 + Level 13.2 Fighting
 - Level 13.3 Polearms
 - Level 0.7 Throwing
 + Level 11.6 Armour
 + Level 15.2 Dodging
 - Level 2.0 Spellcasting
 - Level 3.0 Translocations
 + Level 12.5 Invocations


You had 17 spell levels left.
You knew the following spells:

 Your Spells              Type           Power        Failure   Level
a - Apportation           Tloc           ##....       58%         1
b - Blink                 Tloc           N/A          73%         2

Your spell library contained the following spells:

 Spells                   Type           Power        Failure   Level
 Gell's Gravitas          Tloc           ##........   91%         3
 Lesser Beckoning         Tloc           ##........   91%         3
 Teleport Other           Tloc           ##......     91%         3
 Animate Skeleton         Necr           #.....       94%         1
 Corona                   Hex            #......      94%         1
 Magic Dart               Conj           #...         94%         1
 Shock                    Conj/Air       #...         94%         1
 Sting                    Tmut/Pois      #...         94%         1
 Summon Small Mammal      Summ           #...         94%         1
 Call Imp                 Summ           #.......     98%         2
 Ensorcelled Hibernation  Hex/Ice        #.....       98%         2
 Call Canine Familiar     Summ           #.......     100%        3
 Confusing Touch          Hex            #.......     100%        3
 Dazzling Flash           Conj/Hex       #.....       100%        3
 Stone Arrow              Conj/Erth      #.....       100%        3
 Summon Guardian Golem    Hex/Summ       #.......     100%        3
 Tukima's Dance           Hex            #.......     100%        3
 Fulminant Prism          Conj/Hex       #.........   100%        4
 Hailstorm                Conj/Ice       #.......     100%        4
 Leda's Liquefaction      Hex/Erth       #.........   100%        4
 Passage of Golubria      Tloc           N/A          100%        4
 Sticky Flame             Conj/Fire      #.......     100%        4
 Summon Ice Beast         Ice/Summ       #.......     100%        4
 Summon Lightning Spire   Summ/Air       #.......     100%        4
 Bolt of Magma            Conj/Fire/Erth #.........   100%        5
 Fireball                 Conj/Fire      #.........   100%        5
 Iskenderun's Battlesphe  Conj           #.......     100%        5
 Silence                  Hex/Air        #.........   100%        5
 Summon Demon             Summ           #.........   100%        5
 Summon Forest            Summ/Tloc      #.........   100%        5
 Summon Mana Viper        Hex/Summ       #.......     100%        5
 Conjure Ball Lightning   Conj/Air       #.........   100%        6
 Freezing Cloud           Conj/Ice/Air   #.........   100%        6
 Iron Shot                Conj/Erth      #.........   100%        6
 Shadow Creatures         Summ           N/A          100%        6
 Statue Form              Tmut/Erth      #........    100%        6
 Orb of Destruction       Conj           #.........   100%        7
 Spellforged Servitor     Conj/Summ      #.........   100%        7
 Summon Hydra             Summ           #.........   100%        7
 Shatter                  Erth           #.........   100%        9
 Tornado                  Air            #.........   100%        9


Dungeon Overview and Level Annotations

Branches:
Dungeon (15/15)            Temple (1/1) D:5            Lair (6/6) D:10
  Swamp (0/4) Lair:3        Snake (0/4) Lair:4        Slime (0/5) Lair:6
    Orc (2/2) D:11            Elf (0/3) Orc:2        Vaults (0/5) D:13
 Depths (0/5) D:15          Sewer (visited)          Bailey (visited)
  IceCv (visited)

Altars:
Ashenzari
Cheibriados
Dithmenos
Elyvilon
Fedhas
Gozag
Hepliaklqana
Kikubaaqudgha
Makhleb
Nemelex Xobeh
Okawaru
Qazlal
Ru
Sif Muna
Trog
Vehumet
Wu Jian
Xom
Yredelemnul
Zin
Jiyva

Shops:
D:8 }*[   Orc:1 }   Orc:2 !:*:

Annotations:
D:3 3 runed translucent doors, PanSaczeczos's ghost, amateur DrCj


Innate Abilities, Weirdness & Mutations

Your natural rate of healing is unusually fast.
You have razor-sharp teeth.
You have supernaturally acute eyesight. (SInv)
You can survive without breathing.
You are clumsy. (Dex -2)
You expend magic power (3 MP) to strengthen your wands.


Message History

The manticore barely misses you.
The manticore claws you but does no damage.
The wraith hits you but does no damage.
The manticore bites you but does no damage.
The manticore misses you. The manticore closely misses you.
The ettin completely misses you.
The ettin hits you with a +0 dire flail!!
* * * LOW HITPOINT WARNING * * *
You are too injured to fight recklessly!
You feel much better.
The ettin hits you with a +0 dire flail!!
* * * LOW HITPOINT WARNING * * *
The ettin barely misses you.
You feel much better. The ettin hits you but does no damage.
The ettin hits you with a +0 dire flail!
* * * LOW HITPOINT WARNING * * *
You feel yourself speed up.
The ettin hits you with a +0 dire flail!
You die...
Fedhas appreciates your contribution to the ecosystem.

#.#.# . $.$##......#...... ....#
#. ...$#...#.#+#.#... .#..# +.
#..?#..#...#...... ....#
#..#...#.#...#'#.(.#. #.#.#
#.#...#.....†#...(.. ....#
#WHF.#.#.#.####.#.# .#..# ##+#'#
##+#'######+#' ....##
##.#C####.#.#.##≈≈≈≈≈(
.....#######....@.#..†)..##≈P....
..........##...#)#+#.....##≈P⌠...
#.###.##..##..#.†.#..#.#..#≈P..P.
.......##.##.#...#'#.....##≈P....
#####...#.##......#......##≈≈≈≈≈≈
#....#....############.##########
#.#†#.#.#..######################
#.....#.#........................
#.#.#.#.#.....#..#...............


You could see an ettin (very poisoned).

Vanquished Creatures
  Jorgrun (Orc:2)
  Rupert (Lair:4)
  A fire giant (D:15)
  A frost giant (IceCv)
  An orc warlord (Bailey)
  2 dire elephants (Lair:6)
  Josephine (D:13)
  A great orb of eyes (D:12)
  A fire dragon (D:15)
  The ghost of emiel the Spear-Bearer, a journeyman DgWn (D:12)
  14 hydras
  2 catoblepae
  3 centaur warriors
  6 boulder beetles
  11 two-headed ogres
  11 death yaks
  2 dancing weapons (D:13)
  A death knight (D:12)
  A deep troll shaman (Lair:6)
  3 tengu warriors
  3 orc high priests (Orc:2)
  Nergalle (Orc:1)
  6 unseen horrors
  5 skeletal warriors
  7 orc knights
  Pikel (D:6)
  A wolf spider zombie (D:14)
  A wizard (D:15)
  3 deep elf magi
  3 manticores
  5 orc sorcerers
  4 cyclopes
  10 ugly things
  Maurice (Orc:1)
  12 elephants
  3 black mambas (Lair:6)
  An ice statue (IceCv)
  11 cane toads
  2 gargoyles (D:12)
  7 torpor snails
  A freezing wraith (D:15)
  2 kobold demonologists (D:12)
  4 rime drakes
  12 komodo dragons
  A yaktaur (D:12)
  2 tengu conjurers (D:15)
  A troll (shapeshifter) (D:15)
  23 polar bears
  6 trolls
  A wind drake (shapeshifter) (D:15)
  A hornet (D:13)
  25 blink frogs
  2 meliai zombies (D:12)
  A dream sheep (shapeshifter) (D:13)
  7 dream sheep (Lair:6)
  6 slime creatures (D:14)
  Sigmund (D:6)
  2 shadows
  A vampire (D:12)
  4 wraiths
  10 wyverns
  74 yaks
  Eustachio (D:6)
  7 basilisks
  2 vampire mosquitoes
  4 nagas (Lair:4)
  2 acid dragons
  2 soldier ants
  2 swamp worms (Lair:3)
  3 wargs (Orc:2)
  15 water moccasins
  3 sky beasts
  2 ice beasts
  6 black bears
  An eye of draining (D:12)
  41 orc warriors
  2 necrophages
  14 ogres
  2 phantoms
  7 centaurs
  46 wolves
  25 bullfrogs
  A water moccasin zombie (D:6)
  4 scorpions
  6 killer bees (D:12)
  26 wights
  12 howler monkeys
  A centaur zombie (D:9)
  A quasit (D:9)
  2 bullfrog zombies
  9 hounds
  25 orc priests
  Crazy Yiuf (D:6)
  2 jellies
  35 orc wizards
  A gnoll shaman (Orc:2)
  5 centaur skeletons
  5 bullfrog skeletons
  8 iguanas
  18 worker ants
  A bullfrog simulacrum (D:12)
  A hound zombie (D:11)
  3 worker ant zombies
  A howler monkey zombie (D:6)
  Robin (D:2)
  17 gnolls
  10 adders
  2 shadow imps (D:9)
  5 white imps
  2 ufetubi
  5 worms
  3 dart slugs
  14 leopard geckos
  143 orcs
  6 ball pythons
  3 bats (D:3)
  8 giant cockroaches
  32 goblins
  21 hobgoblins
  20 jackals
  6 kobolds
  5 quokkas
  7 frilled lizards
  5 rats
  5 ballistomycete spores
  2 butterflies (Lair:5)
1016 creatures vanquished.

Vanquished Creatures (collateral kills)
  A hound (D:11)
  57 ballistomycete spores
58 creatures vanquished.

Vanquished Creatures (others)
  An unseen horror (D:15)
  A cane toad (Lair:1)
  A shadow (D:12)
  A yak (D:12)
  An orc warrior (Orc:1)
  A bullfrog (Lair:4)
  2 orc wizards
  8 ballistomycete spores
  A bush (Lair:6)
  27 fungi
  49 plants
93 creatures vanquished.

Grand Total: 1167 creatures vanquished

Notes
Turn   | Place    | Note
-------+----------+-------------------------------------------
     0 | D:1      | Lanoc the Vampire Warper began the quest for the Orb.
     0 | D:1      | Reached XP level 1. HP: 16/16 MP: 3/3
   150 | D:1      | Reached XP level 2. HP: 14/22 MP: 5/5
   356 | D:2      | Noticed Robin
   450 | D:1      | Reached XP level 3. HP: 26/27 MP: 6/6
   662 | D:2      | Killed Robin
  1033 | D:2      | Reached skill level 3 in Dodging
  1033 | D:2      | Reached XP level 4. HP: 29/30 MP: 7/7
  1201 | D:3      | Found an ornate altar of the Wu Jian Council.
  1208 | D:3      | Noticed PanSaczeczos's ghost (amateur DrCj)
  1250 | D:3      | Found a runed translucent gate.
  1250 | D:3      | Found a runed translucent gate.
  1250 | D:3      | Found a runed translucent gate.
  1349 | D:3      | Found a blossoming altar of Fedhas.
  1602 | D:3      | Reached XP level 5. HP: 12/36 MP: 8/8
  1929 | D:4      | Noticed a black bear
  1935 | D:4      | Killed a black bear
  1983 | D:4      | Reached XP level 6. HP: 47/47 MP: 9/9
  2060 | D:4      | Found a shadowy altar of Dithmenos.
  2114 | D:4      | Reached skill level 4 in Dodging
  2478 | D:4      | HP: 2/47 [orc/+0 mace (9)]
  2638 | D:4      | Learned a level 2 spell: Blink
  2726 | D:5      | Entered Level 5 of the Dungeon
  2740 | D:5      | Reached skill level 5 in Polearms
  2769 | D:5      | Found a glowing drain.
  2785 | Sewer    | Entered a sewer
  3115 | Sewer    | Reached XP level 7. HP: 19/53 MP: 5/10
  3120 | Sewer    | HP: 1/53 [bullfrog (6)]
  3284 | Sewer    | Identified the Collected Works on Confrontation
  3826 | D:5      | Got a heavily runed chain mail
  3836 | D:5      | Identified the +7 chain mail "Russeblo" {+Fly rElec rC++
                  | Regen+} (You found it on level 5 of the Dungeon)
  4010 | D:5      | Found a staircase to the Ecumenical Temple.
  4019 | Temple   | Entered the Ecumenical Temple
  4175 | Temple   | Became a worshipper of Fedhas Madash
  4296 | D:5      | Reached skill level 1 in Armour
  4296 | D:5      | Reached skill level 5 in Dodging
  4325 | D:5      | Found a radiant altar of Vehumet.
  4468 | D:6      | Noticed Eustachio
  4491 | D:6      | Killed Eustachio
  4491 | D:6      | Reached XP level 8. HP: 41/48 MP: 11/11
  4588 | D:6      | Reached skill level 1 in Invocations
  4667 | D:6      | Got a sapphire-encrusted leather armour
  4677 | D:6      | Identified the +3 leather armour of Kecyud {rC+++} (You
                  | found it on level 6 of the Dungeon)
  4847 | D:6      | Noticed Pikel
  4881 | D:6      | Killed Pikel
  4881 | D:6      | Reached skill level 5 in Fighting
  4889 | D:6      | Reached skill level 6 in Dodging
  4915 | D:6      | Noticed Sigmund
  4926 | D:6      | Killed Sigmund
  4926 | D:6      | Reached XP level 9. HP: 68/68 MP: 12/12
  5139 | D:6      | Noticed a deep elf mage
  5150 | D:6      | Killed a deep elf mage
  5150 | D:6      | Reached * piety under Fedhas
  5439 | D:6      | Found a runed translucent door.
  5440 | D:6      | Noticed Crazy Yiuf
  5655 | D:6      | Killed Crazy Yiuf
  6072 | D:7      | Got a bronze chain mail
  6082 | D:7      | Identified the +4 chain mail of the Mind {rElec Str+7
                  | Dex-3} (You found it on level 7 of the Dungeon)
  6186 | D:7      | Noticed an orc sorcerer
  6410 | D:7      | Killed an orc sorcerer
  6410 | D:7      | Reached skill level 7 in Dodging
  6441 | D:7      | Got a slimy hat
  6451 | D:7      | Identified the +1 hat "Kaenn" {rF- Int+6} (You found it on
                  | level 7 of the Dungeon)
  6794 | D:8      | Reached XP level 10. HP: 74/76 MP: 13/13
  6957 | D:8      | Reached ** piety under Fedhas
  7010 | D:8      | Found Fynericle's Gadget Shop.
  7099 | D:8      | Found a broken altar of Ashenzari.
  7312 | D:8      | Found Ypsacwil's Assorted Antiques.
  7315 | D:8      | Bought a scroll labelled TEBBAL WETWI for 30 gold pieces
  7315 | D:8      | Bought a bubbling silvery potion for 27 gold pieces
  7315 | D:8      | Bought a scroll labelled UMARUS ZOUMAA for 30 gold pieces
  7315 | D:8      | Bought 2 lumpy inky potions for 54 gold pieces
  7315 | D:8      | Bought a lumpy inky potion for 27 gold pieces
  7700 | D:8      | Found Fuecke's Antique Armour Shoppe.
  8304 | D:9      | Reached *** piety under Fedhas
  8517 | D:9      | Reached skill level 8 in Dodging
  8655 | D:9      | Noticed a two-headed ogre
  8687 | D:9      | Killed a two-headed ogre
  8687 | D:9      | Reached skill level 5 in Invocations
  8918 | D:9      | Reached XP level 11. HP: 84/84 MP: 14/14
  9100 | D:10     | Entered Level 10 of the Dungeon
  9275 | D:10     | Reached skill level 5 in Armour
  9278 | D:10     | Noticed a death yak
  9282 | D:10     | Noticed a death yak
  9287 | D:10     | Noticed a death yak
  9290 | D:10     | Noticed a death yak
  9290 | D:10     | Noticed a death yak
  9311 | D:10     | Reached **** piety under Fedhas
  9328 | D:10     | Killed a death yak
  9344 | D:10     | Killed a death yak
  9344 | D:10     | Reached skill level 10 in Polearms
  9351 | D:10     | Killed a death yak
  9373 | D:10     | Killed a death yak
  9382 | D:10     | Killed a death yak
  9506 | D:10     | Found a staircase to the Lair.
  9534 | D:10     | Noticed a two-headed ogre
  9579 | D:10     | Killed a two-headed ogre
  9866 | D:11     | Reached skill level 9 in Dodging
  9950 | D:11     | Noticed a skeletal warrior
  9950 | D:11     | Noticed a skeletal warrior
  9950 | D:11     | Noticed a skeletal warrior
  9950 | D:11     | Noticed a skeletal warrior
  9952 | D:11     | Noticed a skeletal warrior
  9991 | D:11     | Noticed a five-headed hydra
  9991 | D:11     | Noticed a boulder beetle
  9994 | D:11     | Noticed a boulder beetle
 10005 | D:11     | Found a staircase to the Orcish Mines.
 10064 | D:11     | Killed a five-headed hydra
 10080 | D:11     | Noticed an eight-headed hydra
 10091 | D:11     | Killed an eight-headed hydra
 10129 | D:11     | Noticed a six-headed hydra
 10182 | D:11     | Found a flagged portal.
 10195 | Bailey   | Entered a bailey
 10217 | Bailey   | Reached XP level 12. HP: 39/94 MP: 15/17
 10418 | Bailey   | Reached ***** piety under Fedhas
 10543 | Bailey   | Reached skill level 10 in Dodging
 10656 | Bailey   | Noticed an orc warlord
 10685 | Bailey   | Reached XP level 13. HP: 69/99 MP: 16/18
 10720 | Bailey   | Killed an orc warlord
 10859 | Bailey   | Reached XP level 14. HP: 108/108 MP: 19/19
 10860 | Bailey   | Reached skill level 11 in Dodging
 10860 | Bailey   | Reached XP level 15. HP: 114/114 MP: 19/21
 10998 | D:12     | Gained mutation: You have a pair of small horns on your
                  | head. [potion of mutation]
 10998 | D:12     | Gained mutation: You are clumsy. (Dex -2) [potion of
                  | mutation]
 10998 | D:12     | Lost mutation: You have a pair of small horns on your head.
                  | [potion of mutation]
 10998 | D:12     | Gained mutation: You expend magic power (3 MP) to
                  | strengthen your wands. [potion of mutation]
 11089 | D:12     | Paralysed by a great orb of eyes for 3 turns
 11973 | Lair:1   | Entered Level 1 of the Lair of Beasts
 12165 | Lair:1   | Identified the +6 battleaxe of Mandamus {venom, Dex+6} (You
                  | found it on level 1 of the Lair of Beasts)
 12526 | Lair:1   | Found a snail-covered altar of Cheibriados.
 12830 | Lair:1   | Reached skill level 10 in Fighting
 14420 | Lair:3   | Reached skill level 12 in Dodging
 14460 | Lair:3   | Reached ****** piety under Fedhas
 15053 | Lair:3   | Found a staircase to the Swamp.
 15265 | Lair:4   | Found a staircase to the Snake Pit.
 15267 | Lair:4   | Noticed Rupert
 15292 | Lair:4   | Killed Rupert
 15403 | Lair:4   | Got a masterwork leather armour
 15413 | Lair:4   | Identified the +1 leather armour "Irphiruw" {Dex+6} (You
                  | found it on level 4 of the Lair of Beasts)
 16872 | Lair:5   | Reached skill level 10 in Invocations
 16921 | Lair:6   | Entered Level 6 of the Lair of Beasts
 17011 | Lair:6   | Reached XP level 16. HP: 64/125 MP: 6/23
 17398 | Lair:6   | Found a staircase to the Slime Pits.
 17398 | Lair:6   | Found a viscous altar of Jiyva.
 17995 | Lair:6   | Reached skill level 13 in Dodging
 19020 | D:10     | Reached skill level 10 in Armour
 19102 | Orc:1    | Entered Level 1 of the Orcish Mines
 19162 | Orc:1    | Noticed Maurice
 19182 | Orc:1    | Killed Maurice
 19398 | Orc:1    | Found Isiuxum's Gadget Emporium.
 19405 | Orc:1    | Noticed Nergalle
 19416 | Orc:1    | Killed Nergalle
 19778 | Orc:2    | Entered Level 2 of the Orcish Mines
 19948 | Orc:2    | Noticed Jorgrun
 20141 | Orc:2    | Killed Jorgrun
 20411 | Orc:2    | Found Kasaemumugg's Book Boutique.
 20411 | Orc:2    | Found Vyawitsu's Distillery.
 20424 | Orc:2    | Found Rogho's General Store.
 20424 | Orc:2    | Found Opemenan's Book Shoppe.
 20437 | Orc:2    | Bought a scroll of teleportation for 48 gold pieces
 20437 | Orc:2    | Bought 6 datura-tipped darts for 38 gold pieces
 20440 | Orc:2    | Bought a potion of haste for 110 gold pieces
 20440 | Orc:2    | Bought a potion of haste for 110 gold pieces
 20440 | Orc:2    | Bought a potion of heal wounds for 55 gold pieces
 20440 | Orc:2    | Bought 2 potions of haste for 220 gold pieces
 20440 | Orc:2    | Bought a potion of heal wounds for 55 gold pieces
 20440 | Orc:2    | Bought a potion of curing for 33 gold pieces
 20440 | Orc:2    | Bought a potion of curing for 33 gold pieces
 20440 | Orc:2    | Bought a potion of might for 44 gold pieces
 20440 | Orc:2    | Bought 2 potions of might for 88 gold pieces
 20528 | Orc:2    | Found a staircase to the Elven Halls.
 21425 | D:11     | Reached skill level 14 in Dodging
 21767 | D:12     | Reached XP level 17. HP: 110/133 MP: 19/25
 22279 | D:12     | Identified Sif Muna's Guide on Toxic Confrontation
 22319 | D:12     | Noticed emiel's ghost (journeyman DgWn)
 22323 | D:12     | Found a transporter.
 22445 | D:12     | Identified the +3 great mace of Virtue {venom, +Rage rF+
                  | Str+2}
 22449 | D:12     | Found a transporter.
 22655 | D:12     | Killed emiel's ghost
 22892 | D:13     | Noticed Josephine
 22912 | D:13     | Found a gate to the Vaults.
 22912 | D:13     | HP: 4/135 [wraith[Josephine] (6)]
 22918 | D:13     | Killed Josephine
 23123 | D:13     | Learned a level 1 spell: Apportation
 24016 | D:14     | Found a frozen archway.
 24032 | IceCv    | Entered an ice cave
 24561 | IceCv    | Identified the Papyrus of Earth
 25222 | D:14     | Reached skill level 15 in Dodging
 25697 | D:15     | Entered Level 15 of the Dungeon
 25852 | D:15     | Found a bloodstained altar of Trog.
 25853 | D:15     | Found a shimmering altar of Xom.
 25853 | D:15     | Found a snail-covered altar of Cheibriados.
 26096 | D:15     | Found a staircase to the Depths.
 26331 | D:15     | HP: 1/137 [ettin/+0 dire flail (24)]
 26335 | D:15     | Slain by an ettin

Illustrated notes

Levels and vault maps discovered:
D:1:      matt_arrival_refuge, layout_basic, due_unseen_surprise
D:2:      layout_basic, overflow_temple_1_default,
          gammafunk_temple_overflow_elements, chequers_ecumenical_altar_simple,
          minmay_heptomino_o4, uniq_robin
D:3:      layout_basic, old_standard_altar, gammafunk_ghost_split,
          fedhas_ov_isle_minmay
D:4:      layout_gridville, lemuel_coloured_pillars_altar
D:5:      layout_cave_pools, marbit_many_paths, lemuel_temple_firewalk_b,
          gup_sewer_entry_bubbles, minmay_misc_feat_rugged
D:6:      layout_gridville, guppyfry_early_elven_hall, uniq_sigmund,
          uniq_eustachio, uniq_pikel, uniq_crazy_yiuf_cottage
D:7:      cheibrodos_wizards_tower, layout_basic
D:8:      layout_loops_ring, overflow_temple_1_default,
          nicolae_overflow_hidden_temple, serial_shops, kennysheep_mini,
          nicolae_shop_stone, nicolae_shop_overgrown_old_shop, serial_aquarium,
          aquarium_bridge_square [aquarium_subvault_wall,
          aquarium_subvault_bridge, aquarium_subvault_bridge,
          aquarium_subvault_bridge], aquarium_bridge_square
          [aquarium_subvault_wall, aquarium_subvault_balcony,
          aquarium_subvault_wall, aquarium_subvault_bridge],
          aquarium_window_fake, aquarium_window_1, aquarium_window_2,
          aquarium_window_fake, aquarium_view_2a, aquarium_view_2c,
          aquarium_pool_side
D:9:      layout_cave_pods, serial_co_window_serial, co_window_paths_b,
          co_window_corner_a, co_window_paths_a, co_window_corner_a,
          co_window_paths_a, co_window_corner_a, co_window_paths_a,
          co_window_broadway_b, co_window_broadway_b, co_window_corner_b,
          co_window_corner_b, co_window_4corner_a
D:10:     layout_loops_ring, dpeg_lair_monsters
D:11:     layout_long_grid, hiddenorc2_lemuel, enter_bailey_6
D:12:     minmay_the_grid_square_5x5_5x5
          [minmay_the_grid_square_5x5_checkered_sparse,
          minmay_the_grid_square_5x5_pentomino_r,
          minmay_the_grid_square_5x5_minibox,
          minmay_the_grid_square_5x5_checkered_statues,
          minmay_the_grid_square_5x5_three, minmay_the_grid_square_5x5_comb,
          minmay_the_grid_square_5x5_prize_deathbox,
          minmay_the_grid_square_5x5_bridge,
          minmay_the_grid_square_5x5_prize_pseudospiral,
          minmay_the_grid_square_5x5_checkered,
          minmay_the_grid_square_5x5_shrine2,
          minmay_the_grid_square_5x5_moneybag,
          minmay_the_grid_square_5x5_prize_gold,
          minmay_the_grid_square_5x5_inset, minmay_the_grid_square_5x5_n_small,
          minmay_the_grid_square_5x5_trominoes,
          minmay_the_grid_square_5x5_prize_open,
          minmay_the_grid_square_5x5_tetrominoes,
          minmay_the_grid_square_5x5_prize_itemx,
          minmay_the_grid_square_5x5_mess, minmay_the_grid_square_5x5_six_small,
          minmay_the_grid_square_5x5_fancy_junction,
          minmay_the_grid_square_5x5_corner, minmay_the_grid_square_5x5_two,
          minmay_the_grid_square_5x5_eight], layout_rooms, gammafunk_ghost_smash
D:13:     layout_long_grid, erik_vaults_1, minmay_joined_circles, uniq_josephine
D:14:     layout_roguey, abandoned_shop, portal_ice_cave_entry_pillars_1
D:15:     hangedman_slaughterboxes, serial_shops
Temple:   jpeg_temple_clearing
Lair:1:   dpeg_oklob_gauntlet, layout_misc_corridors, kennysheep_snail_temple
Lair:2:   layout_small_grid
Lair:3:   layout_regular_city, palyth_hydra_swamp_entry
Lair:4:   layout_hall_layers, minmay_snake_entry_guardpost_small,
          beast_lair_carwin_8, minmay_lair_oklob_chamber, lemuel_fruit_fields,
          grunt_megastairs_5, uniq_rupert
Lair:5:   layout_loops_ring, lemuel_fruit_fields
Lair:6:   grunt_lair_end_beastmaster, layout_regular_city, slime_altar_1,
          hangedman_lair_generics_rect
Orc:1:    layout_caves, serial_shops,
          nicolae_shop_temple_entry_statues_fountains, uniq_nergalle,
          uniq_maurice
Orc:2:    grunt_orc_tribal_feast, layout_diamond_mine, uniq_jorgrun

Skill      XL: |  1  2  3  4  5  6  7  8  9 10 11 12 13 14 15 16 17 |
---------------+----------------------------------------------------+-----
Polearms       | 2 3 4 5 7 8 9 11 12 13 | 13.3
Fighting       | 2 3 4 5 6 7 8 9 11 12 13 | 13.2
Dodging        | 3 4 5 6 7 8 9 10 11 12 14 15 | 15.2
Translocations | 3 |  3.0
Armour         | 1 2 3 4 6 7 9 10 11 | 11.6
Invocations    | 2 3 5 7 8 10 11 12 | 12.5
Throwing       | |  0.7
Spellcasting   | |  2.0

Action                   |  1- 3 |  4- 6 |  7- 9 | 10-12 | 13-15 | 16-18 || total
-------------------------+-------+-------+-------+-------+-------+-------++-------
Melee: Spear             |   121 |       |       |       |     1 |       ||   122
       Bite              |     7 |     9 |    35 |    68 |   105 |   200 ||   424
       Trident           |    38 |   216 |   403 |   907 |   433 |    58 ||  2055
       Battleaxe         |       |       |       |       |   434 |  1240 ||  1674
Throw: Boomerang         |       |       |     3 |     2 |     1 |       ||     6
 Cast: Blink             |       |     4 |     2 |       |       |       ||     6
Invok: Grow Ballistomyce |       |       |       |     6 |     1 |     4 ||    11
       Grow Oklob        |       |       |       |       |     1 |       ||     1
 Abil: Exsanguinate      |     1 |       |     2 |       |       |     1 ||     4
       Revivify          |     1 |       |     2 |       |       |     1 ||     4
Evoke: Wand              |       |       |     8 |    11 |    14 |     4 ||    37
  Use: Potion            |     1 |     2 |       |     3 |    11 |     5 ||    22
       Scroll            |       |     6 |     6 |    13 |    11 |     5 ||    41
 Stab: Sleeping          |     1 |     3 |       |       |       |       ||     4
       Confused          |       |       |       |     2 |     5 |       ||     7
       Invisible         |       |       |       |       |     2 |       ||     2
       Petrified         |       |       |       |       |     2 |       ||     2
Armor: Leather armour    |    56 |    36 |     7 |       |       |       ||    99
       Chain mail        |       |       |   244 |   372 |   642 |  1087 ||  2345
       Skin              |       |       |       |       |     1 |       ||     1
Dodge: Dodged            |   148 |   137 |   126 |   404 |   842 |  1819 ||  3476
Block: Kite shield       |       |       |       |   129 |   173 |       ||   302

Table legend: (Time is in decaauts)
 A = Elapsed time spent in this place.
 B = Non-inter-level travel time spent in this place.
 C = Inter-level travel time spent in this place.
 D = Time resting spent in this place.
 E = Time spent auto-exploring this place.
 F = Levels seen in this place.
 G = Mean time per level.
                   A        B        C        D        E       F      G
               +--------+--------+--------+--------+--------+-----+--------+
         Total |  26798 |  25704 |   1094 |   1461 |  16600 |  27 |  992.5 |
       Dungeon |  15076 |  14367 |    709 |    996 |   8775 |  15 | 1005.1 |
        Temple |    184 |    128 |     56 |      8 |     94 |   1 |  184.0 |
          Lair |   7256 |   7023 |    233 |    173 |   5257 |   6 | 1209.3 |
  Orcish Mines |   1804 |   1708 |     96 |    200 |    948 |   2 |  902.0 |
         Sewer |    828 |    828 |      0 |      0 |    648 |   1 |  828.0 |
        Bailey |    630 |    630 |      0 |     84 |    245 |   1 |  630.0 |
      Ice Cave |   1017 |   1017 |      0 |      0 |    631 |   1 | 1017.0 |
               +--------+--------+--------+--------+--------+-----+--------+

Top non-repeatable levels by time:
  Lair:6: 2022 daAuts
    D:11: 1594 daAuts
    D:12: 1527 daAuts
     D:9: 1497 daAuts
     D:6: 1223 daAuts
  Lair:1: 1140 daAuts
  Lair:4: 1111 daAuts
    D:13: 1100 daAuts
  Lair:3: 1078 daAuts
     D:8: 1065 daAuts
   Orc:2: 1048 daAuts
     D:4: 1021 daAuts
  Lair:2: 1019 daAuts
    D:10: 1019 daAuts
   IceCv: 1017 daAuts
